 Dungeon Crawl Stone Soup version 0.29-a0-1027-gcd8c55af63 (webtiles) character file.

Game seed: 257977417814726860

58 Nedwor the Poker (level 3, -1/28 HPs)
             Began as a Demonspawn Gladiator on Aug 12, 2022.
             Slain by Terence
             ... wielding a +0 flail
              (9 damage)
             ... on level 2 of the Dungeon.
             The game lasted 00:02:38 (2001 turns).

Nedwor the Poker (Demonspawn Gladiator)             Turns: 2001, Time: 00:02:38

Health: -1/28      AC:  4    Str: 14    XL:     3   Next: 75%
Magic:  3/3        EV: 13    Int:  9    God:
Gold:   21         SH:  4    Dex: 18    Spells: 2/2 levels left

rFire   . . .      SeeInvis .   g - +0 dagger
rCold   . . .      Faith    .   (no shield)
rNeg    . . .      Spirit   .   b - +0 leather armour
rPois   .          Reflect  .   c - +0 helmet
rElec   .          Harm     .   (no cloak)
rCorr   .          Rampage  .   (no gloves)
Will    .....                   (no boots)
Stlth   ++........              (no amulet)
HPRegen 0.09/turn               (no ring)
MPRegen 0.08/turn               (no ring)

@: no status effects
A: thin skeletal structure 1, condensation shield
a: no special abilities


You were on level 2 of the Dungeon.
You visited 1 branch of the dungeon, and saw 2 of its levels.

You collected 21 gold pieces.

Inventory:

Hand Weapons
 a - a +0 trident
 g - a +0 dagger (weapon)
Missiles
 d - 3 throwing nets (quivered)
 e - a javelin
Armour
 b - a +0 leather armour (worn)
 c - a +0 helmet (worn)
Jewellery
 f - a ring of see invisible
Scrolls
 h - a scroll of poison {unknown}
 j - 3 scrolls of identify {unknown}
 m - a scroll of summoning {unknown}
Potions
 i - a potion of brilliance {unknown}
 k - 2 potions of resistance {unknown}
 l - a potion of mutation {unknown}


   Skills:
 + Level 2.3 Fighting
 * Level 0.9 Short Blades
 + Level 3.3 Polearms
 - Level 1.7 Throwing
 + Level 1.0 Armour
 + Level 3.0 Dodging
 + Level 0.3 Stealth


You had 2 spell levels left.
You didn't know any spells.
Your spell library contained the following spells:

 Spells                   Type           Power      Damage    Failure   Level
 Blade Hands              Tmut           0%         N/A       100%        5
 Irradiate                Conj/Tmut      0%         3d11      100%        5
 Dragon Form              Tmut           0%         N/A       100%        7


Dungeon Overview and Level Annotations

Branches:
Dungeon (2/15)

Altars:

Annotations:
D:2 Terence


Innate Abilities, Weirdness & Mutations

You have a somewhat thin skeletal structure. (Dex +2, Stealth+)
A meltable shield of frost defends you. (SH +4)


Message History

Terence is moderately wounded.
You barely miss Terence.
Terence is moderately wounded.
Terence screams, "I'm going to kill you!"
Terence hits you with a +0 flail.
You barely miss Terence.
Terence is moderately wounded.
Terence hits you with a +0 flail.
You hit Terence.
Terence is moderately wounded.
Terence barely misses you.
You hit Terence.
Terence is moderately wounded.
Terence misses you.
You hit Terence but do no damage.
Terence is moderately wounded.
Terence barely misses you.
You barely miss Terence.
Terence is moderately wounded.
Terence barely misses you.
You hit Terence but do no damage.
Terence is moderately wounded.
Terence closely misses you.
You hit Terence.
Terence is heavily wounded.
Terence barely misses you.
You hit Terence but do no damage.
Terence is heavily wounded.
Terence completely misses you.
You hit Terence.
Terence is heavily wounded.
Terence hits you with a +0 flail.
* * * LOW HITPOINT WARNING * * *
You hit Terence but do no damage.
Terence is heavily wounded.
Terence misses you.
You hit Terence.
Terence is heavily wounded.
Terence hits you with a +0 flail!
You die...

#..####.# #..#....#
#..#....#
####..#....#
#..........#
#..........######
#........#......#.#
.##.<...........@...#
..........[#.....@###
###........#......#
#........#......#
#........#......#
##########......#
#......# #......#


You could see Terence.

Vanquished Creatures
  A gnoll (D:1)
  2 ball pythons (D:1)
  5 bats (D:1)
  6 endoplasms (D:1)
  6 giant cockroaches (D:1)
  3 goblins (D:1)
  4 hobgoblins (D:1)
  4 jackals (D:1)
  A quokka (D:1)
  3 frilled lizards (D:1)
  4 kobolds (D:1)
  A rat (D:1)
40 creatures vanquished.

Vanquished Creatures (others)
  A plant (D:1)
1 creature vanquished.

Grand Total: 41 creatures vanquished

Notes
Turn   | Place    | Note
-------+----------+-------------------------------------------
     0 | D:1      | Nedwor the Demonspawn Gladiator began the quest for the
                  | Orb.
     0 | D:1      | Reached XP level 1. HP: 16/16 MP: 1/1
    74 | D:1      | Gained mutation: You have a somewhat thin skeletal
                  | structure. (Dex +2, Stealth+) [demonic ancestry]
    74 | D:1      | Reached XP level 2. HP: 15/22 MP: 2/2
   657 | D:1      | Gained mutation: A meltable shield of frost defends you.
                  | (SH +4) [demonic ancestry]
   657 | D:1      | Reached XP level 3. HP: 17/27 MP: 3/3
  1039 | D:1      | Reached skill level 1 in Armour
  1414 | D:1      | Found a faded altar of an unknown god.
  1981 | D:2      | Noticed Terence
  2001 | D:2      | Slain by Terence

Illustrated notes

Levels and vault maps discovered:
D:1:      minmay_arrival_up_and_down, layout_basic,
          shapermc_ecumenical_altar_ellora, minmay_worlds_worst_comb
D:2:      layout_basic, uniq_terence

Skill      XL: |  1  2  3 |
---------------+----------+-----
Polearms       | 3 |  3.3
Dodging        | 3 |  3.0
Armour         | 1 |  1.0
Fighting       | |  2.3
Short Blades   | |  0.9
Throwing       | |  1.7
Stealth        | |  0.3

Action                   || total
-------------------------++-------
Melee: Trident           ||    38
       Dagger            ||   193
       Punch             ||     3
 Stab: Sleeping          ||     4
Armor: Leather armour    ||    74
Dodge: Dodged            ||   150
Block: Other             ||    22

Table legend: (Time is in decaauts)
 A = Elapsed time spent in this place.
 B = Non-inter-level travel time spent in this place.
 C = Inter-level travel time spent in this place.
 D = Time resting spent in this place.
 E = Time spent auto-exploring this place.
 F = Levels seen in this place.
 G = Mean time per level.
                   A        B        C        D        E       F      G
               +--------+--------+--------+--------+--------+-----+--------+
         Total |   2002 |   1931 |     71 |    344 |   1227 |   2 | 1001.0 |
       Dungeon |   2002 |   1931 |     71 |    344 |   1227 |   2 | 1001.0 |
               +--------+--------+--------+--------+--------+-----+--------+

Top non-repeatable levels by time:
     D:1: 1973 daAuts
     D:2: 28 daAuts
